 Dungeon Crawl Stone Soup version 0.29-a0-275-g389c0b56f3 (webtiles) character file.

Game seed: 2708080179422778532

25 sking99 the Ducker (level 3, 6/29 HPs)
             Began as a Djinni Gladiator on May 22, 2021.
             Quit the game on level 2 of the Dungeon on Mar 11, 2022.
             The game lasted 00:01:59 (941 turns).

sking99 the Ducker (Djinni Gladiator)                Turns: 941, Time: 00:02:00

Health: 6/29       AC:  4    Str: 14    XL:     3   Next: 20%
Gold:   69         EV: 12    Int:  9    God:
                   SH:  0    Dex: 14

rFire   + + .      SeeInvis .   a - +0 quarterstaff
rCold   x . .      Faith    .   (shield currently unavailable)
rNeg    . . .      Spirit   .   b - +0 leather armour
rPois   ∞          Reflect  .   c - +0 helmet
rElec   .          Harm     .   (no cloak)
rCorr   .          Rampage  .   (no gloves)
Will    .....                   (boots unavailable)
Stlth   +.........              (no amulet)
HPRegen 0.09/turn               (no ring)
MPRegen 0.00/turn               (no ring)

@: flying
A: sickness immunity, fire resistance 2, cold vulnerability 1, float, innate
caster, HP casting, extra vitality 1
a: no special abilities


You were on level 2 of the Dungeon.
You visited 1 branch of the dungeon, and saw 2 of its levels.

You collected 69 gold pieces.

Inventory:

Hand Weapons
 a - a +0 quarterstaff (weapon)
Missiles
 d - 3 throwing nets (quivered)
Armour
 b - a +0 leather armour (worn)
 c - a +0 helmet (worn)
Scrolls
 f - a scroll of amnesia {unknown}
 g - a scroll of identify {unknown}
Potions
 e - 2 potions of heal wounds {unknown}


   Skills:
 + Level 2.3 Fighting
 * Level 3.1 Staves
 - Level 1.7 Throwing
 + Level 3.6 Dodging


You had one spell level left.
You knew the following spells:

 Your Spells              Type           Power      Damage    Failure   Level
a - Summon Small Mammal   Summ           0%         N/A       45%         1
Your spell library was empty.

Dungeon Overview and Level Annotations

Branches:
Dungeon (2/15)

Altars:

Annotations:
D:2 Jessica


Innate Abilities, Weirdness & Mutations

You are immune to sickness and miasma.
You are immune to poison.
Your flesh is very heat resistant. (rF++)
You are vulnerable to cold. (rC-)
You float through the air rather than walking.
You learn spells naturally, not from books.
Your magical power is your life essence.
You have superior vitality. (+4 MHP)


Message History

Jessica casts a spell.
Jessica seems to speed up.
Casting: Summon Small Mammal (safe; 45% risk of failure)
Confirm with . or Enter, or press ? or * to list all spells.
You miscast Summon Small Mammal.
You are very lightly contaminated with residual magic.
Nothing appears to happen.
Casting: Summon Small Mammal (safe; 45% risk of failure)
Confirm with . or Enter, or press ? or * to list all spells.
A kobold comes into view. It is wielding a +0 short sword.
Found a plate armour.
You sock the hobgoblin!
You kill the hobgoblin!
Jessica closely misses your rat.
Your rat bites Jessica but does no damage.
Jessica hits your rat with a +4 club!
Your rat dies!
Your rat's corpse disappears in a puff of smoke!
Jessica casts a spell.
Jessica blinks!
The endoplasm freezes you.
You are frozen!
You feel a terrible chill!
You hit the endoplasm but do no damage.
Jessica mumbles some strange words.
Jessica blinks!
The endoplasm hits you but does no damage.
Your magical contamination has completely faded away.
You thump the endoplasm!
You kill the endoplasm!
Jessica hits you but does no damage. The kobold closely misses you.
Your rat barely misses Jessica.
Jessica gestures at you while chanting. Pain shoots through your body!
* * * LOW HITPOINT WARNING * * *
Jessica barely misses you. The kobold closely misses you.
Your rat bites Jessica.
Level annotation: Jessica Welcome back, sking99 the Djinni Gladiator.
Press ? for a list of commands and other information.
Are you sure you want to abandon this character and quit the game? (Confirm with "yes".)

# ##.. #########...#
#.###............ #
............... #.##
###...r..#.....
#...###....$@.K......
#..........@##.....
#..<........# ...
........##.......# .
....########.##....
... #.......( .
#..........
#.........[ .........


You could see Jessica (fast, ally target), a kobold and a friendly rat
(summoned).

Vanquished Creatures
  A dart slug (D:1)
  5 endoplasms
  A goblin (D:1)
  3 hobgoblins
  3 jackals (D:1)
  4 bats (D:1)
  A frilled lizard (D:1)
  A kobold (D:1)
  A rat (D:1)
20 creatures vanquished.

Notes
Turn   | Place    | Note
-------+----------+-------------------------------------------
     0 | D:1      | sking99 the Djinni Gladiator began the quest for the Orb.
     0 | D:1      | Reached XP level 1. HP: 18/18 MP: 0/0
   111 | D:1      | Reached XP level 2. HP: 22/23 MP: 0/0
   751 | D:1      | Reached XP level 3. HP: 26/29 MP: 0/0
   751 | D:1      | Learned a level 1 spell: Summon Small Mammal
   930 | D:2      | Noticed Jessica
   941 | D:2      | Upgraded the game from 0.27-a0-1189-gb8eb6cee8e to
                  | 0.29-a0-275-g389c0b56f3
   941 | D:2      | Quit the game

Illustrated notes

Levels and vault maps discovered:
D:1:      lightli_arrival_boilingwater, layout_basic
D:2:      layout_rooms, basic_altar, chequers_serial_rivers_large_a,
          minmay_between, uniq_jessica

Skill      XL: |  1  2 |
---------------+-------+-----
Staves         | 3 |  3.1
Fighting       | |  2.3
Throwing       | |  1.7
Dodging        | |  3.6

Action                   || total
-------------------------++-------
Melee: Quarterstaff      ||    46
 Cast: Summon Small Mamm ||     2
Armor: Leather armour    ||    22
Dodge: Dodged            ||    30

Table legend: (Time is in decaauts)
 A = Elapsed time spent in this place.
 B = Non-inter-level travel time spent in this place.
 C = Inter-level travel time spent in this place.
 D = Time resting spent in this place.
 E = Time spent auto-exploring this place.
 F = Levels seen in this place.
 G = Mean time per level.
                   A        B        C        D        E       F      G
               +--------+--------+--------+--------+--------+-----+--------+
         Total |    948 |    927 |     21 |    173 |    651 |   2 |  474.0 |
       Dungeon |    948 |    927 |     21 |    173 |    651 |   2 |  474.0 |
               +--------+--------+--------+--------+--------+-----+--------+

Top non-repeatable levels by time:
     D:1: 857 daAuts
     D:2: 90 daAuts
